 Dungeon Crawl Stone Soup version 0.24.0-1-gfbc8707 (webtiles) character file.

Game seed: 15747951949034148223, levelgen mode: deterministic

126 JeffiDaFish the Covered (level 5, 0/34 HPs)
             Began as a Gargoyle Fighter on Oct 27, 2019.
             Killed by divine providence
             ... invoked by an orc priest
              (9 damage)
             ... on level 3 of the Dungeon.
             The game lasted 00:03:38 (1904 turns).

JeffiDaFish the Covered (Gargoyle Fighter)          Turns: 1904, Time: 00:03:39

Health: 0/34       AC: 13    Str: 21    XL:     5   Next: 10%
Magic:  5/5        EV:  7    Int:  8    God:
Gold:   147        SH: 10    Dex:  9    Spells: 4/4 levels left

rFire    + . .     SeeInvis .   a - +0 flail
rCold    . . .     Gourm    .   c - +1 shield
rNeg     + . .     Faith    .   b - +0 scale mail
rPois    ∞         Spirit   .   (helmet unavailable)
rElec    +         Reflect  .   (no cloak)
rCorr    .         Harm     .   (no gloves)
MR       .....                  (no boots)
Stlth    ..........             (no amulet)
HPRegen  0.11/turn              j - ring of protection from fire
MPRegen  0.09/turn              (no ring)

@: no status effects
A: horns 3, iridescent scales 1, negative energy resistance 1, electricity
resistance, unbreathing, petrification resistance, rot immunity, AC +4
a: no special abilities


You were on level 3 of the Dungeon.
You were not hungry.

You visited 1 branch of the dungeon, and saw 3 of its levels.

You collected 147 gold pieces.

Inventory:

Hand Weapons
 a - a +0 flail (weapon)
Armour
 b - a +0 scale mail (worn)
 c - a +1 shield (worn)
 i - a +2 helmet
Jewellery
 j - a ring of protection from fire (left hand)
Scrolls
 e - a scroll of remove curse
 k - 2 scrolls of teleportation
 l - 2 scrolls of identify
Potions
 d - a potion of might
 h - 2 potions of heal wounds
Comestibles
 f - 7 rations
 g - 3 chunks of flesh


   Skills:
 * Level 4.4 Fighting
 + Level 2.7 Maces & Flails
 * Level 4.5 Armour
 + Level 3.9 Shields


You had 4 spell levels left.
You didn't know any spells.
Your spell library was empty.

Dungeon Overview and Level Annotations

Branches:
Dungeon (3/15)

Altars:
Qazlal
Trog


Innate Abilities, Weirdness & Mutations

You are resistant to torment.
Your stone body is resilient. (AC +4)
You are immune to poison.
You resist negative energy. (rN+)
You are resistant to electric shocks. (rElec)
You can survive without breathing.
You are immune to petrification.
You are immune to rotting.
You have a pair of large horns on your head.
You are partially covered in iridescent scales. (AC +2)


Message History

The orc priest hits you but does no damage. x2
You hit the orc priest but do no damage.
The orc priest is lightly wounded.
You block the orc priest's attack.
You closely miss the orc priest. Your headbutt misses the orc priest.
The orc priest is lightly wounded.
The orc priest hits you but does no damage.
The orc priest invokes the aid of Beogh against you.
Beogh smites you!
* * * LOW HITPOINT WARNING * * *
You closely miss the orc priest. You headbutt the orc priest!
The orc priest is severely wounded.
The orc priest hits you but does no damage.
Your shield and scale mail prevent you from hitting the orc priest.
Your headbutt misses the orc priest.
The orc priest is severely wounded.
The orc priest hits you but does no damage.
The orc priest invokes the aid of Beogh against you.
Beogh smites you!
You die...

########################
#.......................
#.......################
........# . #.......#.#
#.......#.##...#########
.......................>
..##..#.####...#####..#.
......#@# #..#.
#.#..o#o# #..#.
#.....ooo #..#.
......oo.. #. ####..#.
..........#. #. #.......
.#.#.#.#..#.##.##..##
....#.#.#..#....##..#
.....#.#.#........#..#
#...........#


You could see 2 orc priests and 4 orcs.

Vanquished Creatures
  3 gnolls (D:2)
  An adder (D:2)
  3 oozes
  2 worms (D:2)
  A dart slug (D:1)
  3 leopard geckos
  2 orcs (D:3)
  2 giant cockroaches
  3 goblins
  6 hobgoblins
  7 jackals
  3 ball pythons (D:1)
  7 bats
  11 kobolds
  12 rats
66 creatures vanquished.

Notes
Turn   | Place    | Note
-------+----------+-------------------------------------------
     0 | D:1      | JeffiDaFish the Gargoyle Fighter began the quest for the
                  | Orb.
     0 | D:1      | Reached XP level 1. HP: 14/14 MP: 1/1
    43 | D:1      | Reached XP level 2. HP: 14/19 MP: 2/2
   275 | D:1      | Reached XP level 3. HP: 24/24 MP: 3/3
   372 | D:1      | Gained mutation: You have a pair of small horns on your
                  | head. [potion of mutation]
   372 | D:1      | Gained mutation: You are partially covered in iridescent
                  | scales. (AC +2) [potion of mutation]
   372 | D:1      | Gained mutation: You have a pair of horns on your head.
                  | [potion of mutation]
   372 | D:1      | Gained mutation: You have a pair of large horns on your
                  | head. [potion of mutation]
  1003 | D:2      | Found a stormy altar of Qazlal.
  1007 | D:2      | Found a bloodstained altar of Trog.
  1079 | D:2      | Reached XP level 4. HP: 26/29 MP: 4/4
  1582 | D:2      | Reached XP level 5. HP: 34/34 MP: 5/5
  1904 | D:3      | Killed from afar by an orc priest

Levels and vault maps discovered:
D:1:      eino_arrival_druids_welcome, layout_basic, serial_forest,
          infiniplex_forest_lined_corner, infiniplex_forest_clump_small,
          infiniplex_forest_end_3, infiniplex_forest_zigzag_1,
          infiniplex_forest_straight_2, infiniplex_forest_clump_C,
          infiniplex_forest_diagonal, infiniplex_forest_clump_medium
D:2:      layout_basic, chequers_temple_overflow_statue_of_worship,
          minmay_pentomino_x4
D:3:      layout_basic, kiku_gazebo_garden_becter, first_ration,
          minmay_misc_feat_square, uniq_crazy_yiuf_cottage

Skill      XL: |  1  2  3 |
---------------+----------+-----
Fighting       | 4 |  4.4
Armour         | 4 |  4.5
Maces & Flails | |  2.7
Shields        | |  3.9

Action                   |  1- 3 |  4- 6 || total
-------------------------+-------+-------++-------
Melee: Flail             |   172 |    81 ||   253
       Headbutt          |     6 |     9 ||    15
  Use: Scroll            |     4 |     3 ||     7
       Potion            |     2 |     2 ||     4
  Eat: Chunk             |     1 |     3 ||     4
Armor: Scale mail        |   126 |    47 ||   173
Dodge: Dodged            |    80 |    22 ||   102
Block: Shield            |   103 |    47 ||   150
